AoeStats
← Nemesis

Arena

510250104Analyzed
4v4 RM · 22h ago on Sep 30, 2026· 50m 29s· 8 players
Game mode
Random Map
Map size
Large (8 player)
Population
200
Speed
Normal
Resources
Standard
Victory
Conquest
Starting age
Dark Age
Ending age
Imperial Age
RankedLock teamsTeams togetherTeam positionsShared explorationLock speedFull tech treeHidden civsTurbo modeCheats
Victory
Defeat
🇺🇸 Khmer · United States
1046
+16
🇲🇽 Goths · Mexico
1023
+17
🇨🇦 Teutons · Canada
1008
+17
🇲🇽 Malians · Mexico
966
+19
🇨🇳 Khmer · China
1081
-19
🇲🇽 Armenians · Mexico
1076
-19
🇺🇸 Burmese · United States
1025
-17
🇮🇩 Persians · Indonesia
962
-14
thegladiator989
11:02 Feudal Age
12:19 Wheelbarrow
13:00 Loom
16:06 Castle Age
13:54 Horse Collar
14:22 Double-Bit Axe
18:04 Fervor
20:58 Sanctity
25:50 Heavy Plow
28:46 Gold Mining
28:47 Stone Mining
30:11 Hand Cart
30:52 Stone Shaft Mining
31:40 Bow Saw
31:25 Fletching
31:45 Forging
31:36 Scale Mail Armor
31:41 Scale Barding Armor
31:26 Town Watch
32:23 Ballistics
34:48 Imperial Age
32:24 Gambesons
32:00 Pikeman
32:40 Squires
32:25 Arson
33:02 Bodkin Arrow
33:43 Iron Casting
33:36 Ironclad
33:37 Masonry
33:34 Siphons
33:46 Fortified Wall
33:53 Chain Mail Armor
34:50 Chain Barding Armor
35:29 Town Patrol
35:55 Conscription
35:55 Crenellations
34:58 Halberdier
35:09 Onager
37:33 Hoardings
38:07 Chemistry
37:50 Plate Mail Armor
38:21 Blast Furnace
37:01 Siege Onager
38:11 Siege Engineers
41:02 Two-Man Saw
45:24 Plate Barding Armor
44:49 Padded Archer Armor
45:56 Capped Ram
47:11 Leather Archer Armor
47:31 Crop Rotation
47:36 Coinage
47:07 Caravan
46:43 Cavalier
47:36 Bloodlines
48:29 Ring Archer Armor
48:34 Paladin
Nemesis
11:31 Feudal Age
14:52 Castle Age
13:41 Double-Bit Axe
13:54 Loom
21:54 Bow Saw
23:37 Horse Collar
28:27 Imperial Age
26:02 Gold Mining
27:42 Heavy Plow
28:37 Gold Shaft Mining
28:58 Wheelbarrow
29:01 Pikeman
31:04 Halberdier
38:45 Bloodlines
38:36 Husbandry
37:56 Light Cavalry
41:18 Conscription
40:59 Double Crossbow
40:34 Hussar
43:08 Scale Barding Armor
43:13 Forging
44:43 Chain Barding Armor
44:34 Forging
44:34 Scale Mail Armor
47:36 Iron Casting
47:36 Hand Cart
richi_maron_90
11:30 Feudal Age
15:51 Castle Age
14:28 Loom
24:35 Double-Bit Axe
29:26 Imperial Age
28:37 Scale Mail Armor
28:43 Scale Barding Armor
28:49 Forging
30:45 Wheelbarrow
30:47 Conscription
30:57 Cavalier
32:12 Farimba
32:50 Bow Saw
33:01 Husbandry
33:32 Bloodlines
36:15 Chain Mail Armor
36:22 Chain Barding Armor
37:41 Hand Cart
37:17 Horse Collar
38:29 Light Cavalry
39:48 Plate Mail Armor
39:54 Plate Barding Armor
40:30 Iron Casting
40:58 Fletching
41:08 Padded Archer Armor
41:01 Gold Mining
47:05 Heavy Plow
47:43 Gold Shaft Mining
47:05 Bodkin Arrow
47:26 Leather Archer Armor
47:16 Man-at-Arms
Alexitobb
13:00 Feudal Age
17:04 Castle Age
16:39 Double-Bit Axe
16:55 Horse Collar
25:15 Loom
26:11 Heavy Plow
28:08 Gold Mining
28:08 Stone Mining
28:33 Bow Saw
29:05 Wheelbarrow
29:30 Forging
29:20 Scale Mail Armor
29:21 Padded Archer Armor
29:12 Fletching
31:16 Stone Shaft Mining
30:56 Pikeman
31:36 Squires
32:08 Ballistics
31:29 Treadmill Crane
33:05 Iron Casting
32:46 Chain Mail Armor
32:46 Leather Archer Armor
32:27 Bodkin Arrow
35:14 Imperial Age
33:02 Hand Cart
32:35 Town Watch
34:36 Anarchy
36:57 Chemistry
36:25 Conscription
36:05 Perfusion
37:15 Crop Rotation
37:49 Two-Man Saw
36:49 Halberdier
38:00 Elite Skirmisher
45:01 Blast Furnace
44:02 Bracer
44:32 Ring Archer Armor
47:12 Town Patrol
vivazqu
12:27 Feudal Age
14:12 Horse Collar
15:49 Scale Barding Armor
19:42 Fletching
23:16 Castle Age
21:53 Gold Mining
23:35 Forging
24:56 Wheelbarrow
24:37 Bodkin Arrow
37:31 Chain Barding Armor
37:45 Hand Cart
37:16 Town Watch
43:12 Imperial Age
42:14 Heavy Plow
42:58 Gold Shaft Mining
44:55 Chemistry
sabin
11:23 Feudal Age
12:41 Loom
15:12 Castle Age
13:53 Horse Collar
16:14 Scale Mail Armor
16:11 Double-Bit Axe
19:42 Wheelbarrow
19:41 Sanctity
19:32 Fervor
23:30 Redemption
24:03 Stone Mining
24:44 Atonement
27:12 Bow Saw
27:55 Town Watch
33:27 Imperial Age
31:13 Hand Cart
31:04 Squires
30:24 Pikeman
32:13 Forging
33:10 Ballistics
32:31 Treadmill Crane
33:01 Masonry
32:43 Man-at-Arms
33:49 Gold Mining
33:39 Long Swordsman
34:05 Gambesons
34:57 Illumination
34:47 Block Printing
35:04 Fereters
35:51 Chain Mail Armor
36:12 Iron Casting
36:37 Conscription
37:13 Plate Mail Armor
36:06 Two-Handed Swordsman
38:16 Chemistry
38:35 Fletching
38:46 Padded Archer Armor
40:51 Champion
40:51 Halberdier
42:08 Murder Holes
42:24 Masonry
42:10 Bodkin Arrow
43:17 Blast Furnace
42:34 Leather Archer Armor
43:53 Bracer
47:21 Elite Skirmisher
48:24 Leather Archer Armor
48:16 Elite Composite Bowman
49:55 Ring Archer Armor
49:47 Bombard Tower
muhaliefr06
11:27 Feudal Age
12:54 Wheelbarrow
17:50 Castle Age
16:13 Double-Bit Axe
16:11 Horse Collar
17:38 Man-at-Arms
18:41 Scale Mail Armor
king vitt
0:29 Loom
15:13 Feudal Age
15:43 Double-Bit Axe
17:17 Wheelbarrow
16:56 Horse Collar
20:06 Castle Age
21:02 Hand Cart
21:58 Heavy Plow
22:10 Bow Saw
22:00 Gold Mining
24:40 Gold Shaft Mining
26:48 Fortified Wall
28:15 Stone Mining
28:53 Ballistics
28:38 Town Watch
32:34 Imperial Age
30:57 Stone Shaft Mining
30:27 Husbandry
30:41 Bloodlines
31:20 Scale Barding Armor
31:26 Forging
31:35 Town Patrol
33:30 Chain Barding Armor
33:46 Iron Casting
32:34 Light Cavalry
34:43 Chemistry
33:49 Siege Engineers
33:49 Elite Ballista Elephant
35:09 Conscription
35:09 Double Crossbow
34:57 Hussar
36:05 Masonry
35:39 Heavy Scorpion
37:42 Plate Barding Armor
40:17 Architecture
40:59 Hoardings
44:28 Murder Holes
Connection lost

Rejoining the realm…

Still unreachable

The connection could not be restored.

Session expired

The server has moved on; the page needs a fresh start.